AoeStats
← El Fantasma de Pancho Villa

Nomad

507359693Analyzed
4v4 RM · 15d ago on Sep 17, 2026· 25m 16s· 8 players
Game mode
Random Map
Map size
231×231
Population
200
Speed
Normal
Resources
Standard
Victory
Conquest
Starting age
Dark Age
Ending age
Imperial Age
RankedLock teamsTeams togetherTeam positionsShared explorationLock speedFull tech treeHidden civsTurbo modeCheats
Victory
Defeat
🇨🇦 Spanish · Canada
1143
+15
🇨🇱 Dravidians · Chile
1098
+16
🇹🇼 Maya · Taiwan
1076
+17
🇦🇷 Magyars · Argentina
1074
+17
🇺🇸 Franks · United States
1132
-17
🇩🇪 Bengalis · Germany
1111
-16
🇲🇽 Malians · Mexico
1095
-16
🇹🇷 Inca · Türkiye
1095
-16
[GDL]Dunitrid
5:04 Loom
12:35 Feudal Age
15:34 Town Watch
18:38 Castle Age
17:58 Stone Mining
20:01 Wheelbarrow
22:50 Padded Archer Armor
23:52 Leather Archer Armor
Zortopos
10:26 Loom
13:58 Feudal Age
14:33 Double-Bit Axe
18:29 Horse Collar
21:03 Forging
20:42 Champi Runner
25:28 Castle Age
23:51 Fletching
25:13 Padded Archer Armor
25:14 Scale Mail Armor
25:04 Town Watch
El Fantasma de Pancho Villa
4:41 Loom
17:57 Feudal Age
20:14 Double-Bit Axe
22:46 Castle Age
21:07 Scale Barding Armor
21:12 Forging
21:00 Gold Mining
comebackfred
11:58 Loom
15:19 Feudal Age
14:38 Loom
15:49 Double-Bit Axe
15:47 Horse Collar
16:46 Wheelbarrow
18:13 Stone Mining
Bugzy
13:11 Feudal Age
11:36 Loom
16:49 Castle Age
15:18 Town Watch
Nichelson3360
14:44 Feudal Age
24:40 Loom
25:30 Wheelbarrow
24:41 Fishing Lines
Milton Caskito
10:58 Loom
15:26 Feudal Age
16:35 Fishing Lines
16:43 Double-Bit Axe
19:48 Castle Age
18:46 Horse Collar
19:52 Gold Mining
20:45 Medium Warships
22:13 Town Watch
23:06 Wheelbarrow
25:46 Hand Cart
小汽車
3:40 Loom
14:34 Feudal Age
19:37 Castle Age
18:19 Double-Bit Axe
18:56 Horse Collar
Connection lost

Rejoining the realm…

Still unreachable

The connection could not be restored.

Session expired

The server has moved on; the page needs a fresh start.